 Dungeon Crawl Stone Soup version 0.19.1 (webtiles) character file.

1484 Nakatomy the Archer (level 8, -8/61 HPs)
             Began as a Centaur Hunter on Dec 25, 2016.
             Mangled by Blork the orc
             ... wielding a +0 halberd
              (11 damage)
             ... on level 5 of the Dungeon.
             The game lasted 00:31:21 (9122 turns).

Nakatomy the Archer (Centaur Hunter)                Turns: 9122, Time: 00:31:22

Health: -8/61      AC: 10    Str: 15    XL:     8   Next: 50%
Magic:  8/8        EV:  7    Int: 10    God:
Gold:   318        SH:  0    Dex: 17    Spells: 0 memorised, 7 levels left

rFire  . . .     SeeInvis .     a - +0 trident
rCold  . . .     Gourm    .     m - +0 plate armour
rNeg   . . .     Faith    .     (no shield)
rPois  .         Spirit   .     (no helmet)
rElec  .         Reflect  .     u - +0 cloak
rCorr  .         Harm     .     B - +0 pair of gloves
MR     .....                    (no barding)
Stlth  ..........               (no amulet)
                                (no ring)
                                y - ring of wizardry

@: agile, lethally poisoned (-8 -> -12), very quick
A: hooves 3, deformed body, speed 2, tough skin 3
a: no special abilities


You were on level 5 of the Dungeon.
You were not hungry.

You visited 2 branches of the dungeon, and saw 7 of its levels.

You collected 318 gold pieces.

Inventory:

Hand Weapons
 a - a +0 trident (weapon)
 b - a +1 shortbow
 d - a +0 scythe
Missiles
 l - 9 arrows
Armour
 c - a +0 leather armour
 m - a +0 plate armour (worn)
 u - a +0 cloak (worn)
 B - a +0 pair of gloves (worn)
Jewellery
 y - a ring of wizardry (left hand)
Scrolls
 e - 6 scrolls of remove curse
 o - a scroll of fog {unknown}
 p - a scroll of teleportation {unknown}
 t - a scroll of magic mapping {unknown}
 w - a scroll of immolation {unknown}
 A - a scroll of amnesia {unknown}
Potions
 h - 2 potions of agility
 n - 2 potions of lignification
 q - a potion of might
 r - 3 potions of brilliance
 v - 2 potions of heal wounds
 z - 2 potions of magic
 C - 2 potions of ambrosia
 D - a potion of mutation {unknown}


   Skills:
 - Level 2.0 Fighting
 + Level 4.0 Polearms
 * Level 13.0 Bows
 - Level 1.3 Dodging
 - Level 0.4 Stealth


You had 7 spell levels left.
You didn't know any spells.

Dungeon Overview and Level Annotations

Branches:
Dungeon (6/15)             Temple (1/1) D:5

Altars:
Ashenzari
Cheibriados
Kikubaaqudgha
Makhleb
Nemelex Xobeh
Qazlal
Trog
Uskayaw
Vehumet
Xom
Yredelemnul
Zin
The Shining One

Annotations:
D:4 exclusion: downstairs
D:5 Blork the orc


Innate Abilities, Weirdness & Mutations

You have hooves in place of feet.
Armour fits poorly on your strangely shaped body.
You cover ground very quickly.
You have extremely tough skin. (AC +3)


Message History

The howler monkey howls!
The killer bee stings you!
* * * LOW HITPOINT WARNING * * *
You are poisoned.
The killer bee poisons you!
You feel sick.
You feel sick.
There is a stone staircase leading up here.
Okay, then.
Unknown command.
The killer bee stings you but does no damage.
The killer bee stings you.
* * * LOW HITPOINT WARNING * * *
The killer bee stings you but does no damage.
You climb upwards.
Level annotation: Blork the orc
* * * LOW HITPOINT WARNING * * *
You feel sick.
Blork the orc hits you from afar with a halberd!
You die...

#........#### #..#
....###.....###.(# ....#
#......##((# ....#
#......###.#
....###......# #.#
....#.'......###.#####
....#.#..........o.o.#
......#..#'#####.###.#
#######..#.# #@#
#.########## #..#.# #y#
#.#........# #..#.# #.#
#.#.######.#
#.(#.#####.###.#.# #.#
#..#.....#.....#.# #.#
#..#####.#######.# #.#
#..........#####.######.#
#.######.#.[............#
#.# #.........########


You could see Blork the orc and a killer bee.

Vanquished Creatures
  Sigmund (D:5)
  Menkaure (D:5)
  Duvessa (D:4)
  An ice beast (D:3)
  A necrophage (D:5)
  A centaur (D:5)
  A scorpion (D:4)
  Dowan (D:4)
  2 howler monkeys
  3 crimson imps
  A centaur zombie (D:4)
  3 orc priests
  2 hounds
  2 jellies
  3 orc wizards
  Ijyb (D:3)
  A worker ant (D:4)
  A hound skeleton (D:2)
  6 adders
  An ooze (D:3)
  An adder zombie (D:2)
  2 adder skeletons (D:2)
  A worm (D:3)
  3 leopard geckos
  9 orcs
  A bat skeleton (D:2)
  3 bat zombies (D:2)
  6 giant cockroaches
  6 goblins
  9 hobgoblins
  8 jackals
  13 kobolds
  2 quokkas
  3 ball pythons
  11 bats
  4 frilled lizards
  A leopard gecko zombie (D:2)
  14 rats
  2 rat zombies (D:2)
133 creatures vanquished.

Notes
Turn   | Place    | Note
-------+----------+-------------------------------------------
     0 | D:1      | Nakatomy the Centaur Hunter began the quest for the Orb.
     0 | D:1      | Reached XP level 1. HP: 17/17 MP: 1/1
   102 | D:1      | Reached XP level 2. HP: 12/24 MP: 2/2
   104 | D:1      | Reached skill level 6 in Bows
  1366 | D:1      | Reached XP level 3. HP: 27/29 MP: 3/3
  1673 | D:2      | Reached skill level 7 in Bows
  1918 | D:2      | Reached XP level 4. HP: 30/36 MP: 4/4
  2172 | D:2      | Found a sparkling altar of Nemelex Xobeh.
  2448 | D:2      | Reached skill level 8 in Bows
  2789 | D:2      | Found an ancient bone altar of Kikubaaqudgha.
  3332 | D:3      | Reached XP level 5. HP: 41/41 MP: 5/5
  3342 | D:3      | Noticed Ijyb
  3374 | D:3      | Killed Ijyb
  3686 | D:3      | Reached skill level 9 in Bows
  4045 | D:3      | Found a hide-covered altar of Uskayaw.
  4857 | D:3      | Reached XP level 6. HP: 48/48 MP: 6/6
  4955 | D:4      | Noticed Duvessa
  4957 | D:4      | Noticed Dowan
  5128 | D:3      | Reached skill level 10 in Bows
  5622 | D:4      | Noticed an ice beast
  5681 | D:3      | Killed an ice beast
  5681 | D:3      | Reached skill level 1 in Polearms
  6083 | D:4      | Reached XP level 7. HP: 41/55 MP: 7/7
  6487 | D:4      | Reached skill level 11 in Bows
  6951 | D:4      | Killed Dowan
  7266 | D:4      | Killed Duvessa
  7433 | D:5      | Entered Level 5 of the Dungeon
  7718 | D:5      | Noticed Sigmund
  7931 | D:5      | Noticed Menkaure
  7947 | D:5      | Killed Menkaure
  7947 | D:5      | Reached skill level 12 in Bows
  7947 | D:5      | Reached XP level 8. HP: 59/61 MP: 8/8
  8004 | D:5      | Found a bloodstained altar of Trog.
  8097 | D:5      | Killed Sigmund
  8244 | D:5      | Found a staircase to the Ecumenical Temple.
  8253 | Temple   | Entered the Ecumenical Temple
  8422 | D:5      | Noticed Blork the orc
  9102 | D:6      | Reached skill level 13 in Bows
  9121 | D:6      | HP: 3/61 [killer bee (5)]
  9122 | D:5      | Mangled by Blork the orc

Skill      XL: |  1  2  3  4  5  6  7  8 |
---------------+-------------------------+-----
Bows           | 6 7 8 9 10 12 13 | 13.0
Polearms       | 1 3 4 |  4.0
Fighting       | |  2.0
Dodging        | |  1.3
Stealth        | |  0.4

Action                   |  1- 3 |  4- 6 |  7- 9 || total
-------------------------+-------+-------+-------++-------
Melee: Short sword       |   197 |   160 |       ||   357
       Kick              |    34 |    58 |    29 ||   121
       Trident           |       |   191 |   130 ||   321
       Scythe            |       |       |    14 ||    14
 Fire: Shortbow          |     3 |    55 |   145 ||   203
  Use: Scroll            |       |       |    10 ||    10
       Potion            |       |       |     5 ||     5
  Eat: Chunk             |     3 |     7 |     4 ||    14
       Meat ration       |       |     1 |       ||     1
       Bread ration      |       |       |     1 ||     1
       Pizza             |       |       |     1 ||     1
Armor: Leather armour    |    44 |       |       ||    44
       Plate armour      |   145 |   302 |   180 ||   627
       Skin              |     2 |       |       ||     2
Dodge: Dodged            |    68 |    26 |    11 ||   105
